 Dungeon Crawl Stone Soup version 0.31-a0-202-g547052bce9 (webtiles) character file.

Game seed: 1697203322866851517

26 qw the Shooter (level 2, -1/16 HPs)
             Began as a Deep Elf Hunter on June 26, 2023.
             Slain by a goblin
             ... wielding a +0 dagger
             ... led by Robin
              (5 damage)
             ... on level 2 of the Dungeon.
             The game lasted 00:00:15 (1076 turns).

qw the Shooter (Deep Elf Hunter)                    Turns: 1076, Time: 00:00:16

Health: -1/16      AC:  3    Str:  8    XL:     2   Next: 89%
Magic:  4/4        EV: 12    Int: 13    God:
Gold:   74         SH:  0    Dex: 18    Spells: 1/1 levels left

rFire   . . .        Y - +0 shortbow (flame)
rCold   . . .        (shield currently unavailable)
rNeg    . . .        c - +0 leather armour
rPois   .            (no helmet)
rElec   .            (no cloak)
rCorr   .            (no gloves)
SInv    .            (no boots)
Will    .....        (no amulet)
Stlth   ++           (no ring)
HPRegen 0.22/turn    (no ring)
MPRegen 0.09/turn

%: no passive effects
@: no status effects
A: no striking features
a: no special abilities


You were on level 2 of the Dungeon.
You visited 1 branch of the dungeon, and saw 2 of its levels.

You collected 74 gold pieces.


   Skills:
 - Level 1.5 Fighting
 + Level 6.6 Ranged Weapons
 - Level 2.4 Dodging
 - Level 1.2 Stealth


You had one spell level left.
You didn't know any spells.
Your spell library was empty.

Inventory:

Hand Weapons
 Y - a +0 shortbow of flaming (weapon)
Armour
 c - a +0 leather armour (worn)
Scrolls
 a - a scroll of silence {unknown}
 e - a scroll of identify
 h - 2 scrolls of teleportation
Potions
 i - a potion of berserk rage {unknown}

Dungeon Overview and Level Annotations

Branches:
Dungeon (2/15)

Altars:

Annotations:
D:2 Robin


Message History

Robin is moderately wounded.
You shoot an arrow.
The arrow hits Robin but does no damage.
Robin is moderately wounded.
A goblin comes into view. It is wielding a +0 dagger. x2
The bat hits you but does no damage.
Robin hits you from afar with a +0 spear.
You shoot an arrow. The arrow hits the bat.
The arrow burns the bat.
The bat is heavily wounded.
The bat completely misses you.
Robin roars a battlecry!
The goblins go into a battle-frenzy!
You shoot an arrow. The arrow hits Robin.
The arrow burns Robin.
Robin is heavily wounded.
The bat closely misses you. Robin misses you.
You shoot an arrow. The arrow barely misses the bat.
The arrow hits Robin.
The arrow burns Robin.
Robin is almost dead.
The bat closely misses you. Robin barely misses you.
You shoot an arrow. The arrow hits the hobgoblin.
The arrow burns the hobgoblin.
The hobgoblin is heavily wounded.
The bat hits you. The hobgoblin misses you. Robin barely misses you.
You shoot an arrow.
The arrow hits the hobgoblin but does no damage.
The hobgoblin is heavily wounded.
The bat hits you but does no damage. The bat closely misses you.
Robin barely misses you.
A hobgoblin comes into view.
The hobgoblin barely misses you.
You shoot an arrow.
The arrow barely misses the hobgoblin. x2
The goblin barely misses you. The hobgoblin closely misses you.
Robin misses you.
You shoot an arrow. The arrow hits the hobgoblin.
The arrow burns the hobgoblin.
You kill the hobgoblin!
The bat barely misses you. The goblin hits you with a +0 dagger.
Robin throws the goblin at you! The goblin hits you with a +0 dagger.
You shoot an arrow. The arrow closely misses the goblin.
Robin barely misses you. The hobgoblin hits you.
The goblin hits you with a +0 dagger.
You die...

#..###. .. #...... #..
##########.#### ##.#
#......<..#.... .....
#.########.#### .....#
#.# .#
......####.########..
.......g...........###
)..))g.@g..#######.
##..#bg##### #.. ....
....$ ....##. ###. #.
# #.


You could see Robin, a hobgoblin, 2 goblins and a bat.

Vanquished Creatures
  A dart slug (D:1)
  2 ball pythons
  4 goblins (D:2)
  3 hobgoblins (D:2)
  4 jackals (D:1)
  A quokka (D:1)
  A bat (D:1)
  A frilled lizard (D:1)
  A kobold (D:1)
  4 rats
22 creatures vanquished.

Notes
Turn   | Place    | Note
-------+----------+-------------------------------------------
     0 | D:1      | qw the Deep Elf Hunter began the quest for the Orb.
     0 | D:1      | Reached XP level 1. HP: 12/12 MP: 3/3
     0 | D:1      | 0 ||| qw: Version: 0.3-a-22-g0ed2b0b
     0 | D:1      | 0 ||| qw: Game counter: 6049
     0 | D:1      | 0 ||| qw: Melee chars always use a shield: true
     0 | D:1      | 0 ||| qw: God list: Okawaru
     0 | D:1      | 0 ||| qw: Allow faded altars: false
     0 | D:1      | 0 ||| qw: Do Orc after clearing Dungeon:15 true
     0 | D:1      | 0 ||| qw: Do second Lair branch before Depths: true
     0 | D:1      | 0 ||| qw: Lair rune preference: random
     0 | D:1      | 0 ||| qw: Goals: Normal
     0 | D:1      | 0 ||| PLANNING D:1-11
   146 | D:1      | Reached skill level 6 in Ranged Weapons
   146 | D:1      | Reached XP level 2. HP: 16/16 MP: 4/4
   984 | D:1      | 984 ||| READING scroll labelled IBEMNIO POJYG.
   985 | D:1      | 985 ||| READING 2 scrolls labelled YSSI QUTIGAFA.
   986 | D:1      | 986 ||| READING scroll labelled JOBUCW SAIPHUFE.
   987 | D:1      | 987 ||| READING scroll labelled HUCWIL MAHIMAT.
   988 | D:1      | 988 ||| READING 3 scrolls labelled DAAPOE VALEHAE.
   993 | D:1      | 993 ||| READING scroll labelled XEL YRHAIVI.
   994 | D:1      | 994 ||| DROPPING scroll of butterflies.
  1062 | D:2      | Noticed Robin
  1076 | D:2      | HP: 4/16 [hobgoblin[Robin] (1)]
  1076 | D:2      | Slain by a goblin

Levels and vault maps discovered:
D:1:      elethiomel_arrival_shortcut, layout_loops_corners
D:2:      layout_loops_ring, serial_shops, shop_fountains,
          hellmonk_ecumenical_altar_blasted, uniq_robin,
          uniq_crazy_yiuf_cottage, uniq_natasha, uniq_terence

Skill      XL: |  1 |
---------------+----+-----
Ranged Weapons | 6 |  6.6
Fighting       | |  1.5
Dodging        | |  2.4
Stealth        | |  1.2

Action                     || total
---------------------------++-------
   Fire: Shortbow          ||    55
    Use: Scroll            ||     6
 Armour: Leather armour    ||     7
  Dodge: Dodged            ||    29

Table legend:
 A = Non-vault XP
 B = Vault XP
 C = Vault XP percentage of total XP
 D = Non-vault monster count
 E = Vault monster count
 F = Vault count percentage of total count
                 A         B        C        D         E       F
            +---------+---------+-------+---------+---------+-------
      Total |      25 |      13 |  34.2 |      15 |       7 |  31.8
            +---------+---------+-------+---------+---------+-------
        D:1 |      22 |       0 |   0.0 |      13 |       0 |   0.0
        D:2 |       3 |      13 |  81.2 |       2 |       7 |  77.8
            +---------+---------+-------+---------+---------+-------
